 Dungeon Crawl Stone Soup version 0.31.0-11-ge490571c62 (webtiles) character file.

Game seed: 5728594440784096453

2493 Arcadio the Spear-Bearer (level 9, -1/75 HPs)
             Began as a Merfolk Gladiator on Jan 30, 2024.
             Was a Believer of Zin.
             Splashed by a jelly's acid (10 damage)
             ... on level 7 of the Dungeon.
             The game lasted 00:13:19 (7640 turns).

Arcadio the Spear-Bearer (Merfolk Gladiator)        Turns: 7640, Time: 00:13:19

Health: -1/75      AC:  3    Str: 24    XL:     9   Next: 52%
Magic:  9/9        EV: 25    Int:  7    God:    Zin [**....]
Gold:   352        SH:  0    Dex: 16    Spells: 8/8 levels left

rFire   + . .        a - +0 trident
rCold   . . .        (no shield)
rNeg    . . .        L - +0 plate armour
rPois   .            y - +0 helmet
rElec   .            (no cloak)
rCorr   .            (no gloves)
SInv    .            (no boots)
Will    .....        g - amulet of the acrobat Stlth
                     f - +6 ring of strength
HPRegen 0.32/turn    l - ring of protection from fire
MPRegen 0.11/turn

%: acrobat
@: corroded, acrobatic
A: (nimble swimmer 2), mertail
a: Renounce Religion, Recite, Vitalisation, Donate Gold


You were on level 7 of the Dungeon.
You worshipped Zin.
Zin was pleased with you.
You visited 2 branches of the dungeon, and saw 8 of its levels.
You also visited: Sewer.

You collected 391 gold pieces.
You donated 39 gold pieces to Zin.

Inventory:

Hand Weapons
 a - a +0 trident (weapon)
Missiles
 d - 4 throwing nets (quivered)
 e - a javelin
Armour
 b - a +0 leather armour
 c - a +0 helmet
 m - a +0 ring mail
 o - the +3 scale mail "Laykay" {Fly}
   (You found it on level 2 of the Dungeon)

   Fly:       It grants you flight.
 y - a +0 helmet (worn)
 L - a +0 plate armour (worn)
Jewellery
 f - a +6 ring of strength (left hand)
 g - an amulet of the acrobat (around neck)
 l - a ring of protection from fire (right hand)
 B - a ring of see invisible
 F - a ring of flight
 M - a ring of resist corrosion
Wands
 G - a wand of roots (7)
Scrolls
 h - 4 scrolls of vulnerability
 i - 5 scrolls of fear
 j - a scroll of revelation
 p - 4 scrolls of teleportation
 q - a scroll of amnesia {unknown}
 t - a scroll of brand weapon {unknown}
 w - a scroll of enchant weapon {unknown}
 x - a scroll of poison {unknown}
 C - 2 scrolls of blinking {unknown}
 D - a scroll of silence {unknown}
 H - 2 scrolls of noise {unknown}
Potions
 k - a potion of berserk rage {unknown}
 n - 2 potions of degeneration {unknown}
 s - 2 potions of attraction
 u - a potion of enlightenment {unknown}
 v - 5 potions of mutation
 z - 4 potions of curing
 A - a potion of might {unknown}
 E - 4 potions of brilliance
 I - 3 potions of heal wounds
 J - a potion of resistance {unknown}
 K - 2 potions of magic {unknown}


   Skills:
 + Level 8.3 Fighting
 + Level 10.3 Polearms
 - Level 2.0 Throwing
 + Level 10.2 Dodging


You had 8 spell levels left.
You didn't know any spells.
Your spell library contained the following spells:

 Spells                   Type           Power      Damage    Failure   Level
 Apportation              Tloc           0%         N/A       100%        1
 Necrotise                Necr           0%         1d4       100%        1
 Sting                    Conj/Alch      0%         1d3       100%        1
 Summon Small Mammal      Summ           0%         N/A       100%        1
 Cigotuvi's Dreadful Rot  Necr/Alch/Air  0%         N/A       100%        2
 Jinxbite                 Hex            0%         N/A       100%        2
 Call Canine Familiar     Summ           0%         N/A       100%        3
 Gell's Gravitas          Tloc           0%         N/A       100%        3
 Sigil of Binding         Hex            0%         N/A       100%        3
 Teleport Other           Tloc           0%         N/A       100%        3
 Dimensional Bullseye     Hex/Tloc       0%         N/A       100%        4
 Ignite Poison            Fire/Alch      0%         N/A       100%        4
 Summon Blazeheart Golem  Fire/Summ      0%         N/A       100%        4
 Freezing Cloud           Conj/Ice/Air   0%         6-21      100%        5
 Yara's Violent Unravell  Hex/Alch       0%         3d3       100%        5
 Dispersal                Tloc           0%         N/A       100%        6
 Enfeeble                 Hex            0%         N/A       100%        7
 Orb of Destruction       Conj           0%         9d5       100%        7
 Spellforged Servitor     Conj/Summ      0%         N/A       100%        7


Dungeon Overview and Level Annotations

Branches:
Dungeon (7/15)             Temple (1/1) D:6           Sewer (visited)

Altars:
Cheibriados
Dithmenos
Elyvilon
Fedhas
Gozag
Hepliaklqana
Kikubaaqudgha
Makhleb
Nemelex Xobeh
Okawaru
Qazlal
Ru
Sif Muna
Trog
Uskayaw
Vehumet
Xom
Yredelemnul
Zin
The Shining One

Shops:
D:2 *


Innate Abilities, Weirdness & Mutations

((You are very nimble when in or above water. (Stealth+, EV+, Speed+++)))
Your lower body shifts to a powerful aquatic tail in water.


Message History

You puncture the orc priest!
You kill the orc priest!
The orc warrior hits you but does no damage.
You barely miss the jelly. The jelly barely misses you.
You barely miss the orc warrior.
The orc warrior is lightly wounded.
The orc warrior hits you with a +0 long sword.
You puncture the orc warrior!
The orc warrior is moderately wounded.
The jelly closely misses you. The orc warrior barely misses you.
You completely miss the orc warrior.
The orc warrior is moderately wounded.
The jelly hits you but does no damage.
The orc warrior hits you with a +0 long sword!
You hit the orc warrior.
The orc warrior is moderately wounded.
The jelly barely misses you.
The orc warrior hits you with a +0 long sword!
You hit the jelly.
Your hands burn!
The jelly is moderately wounded.
The jelly hits you but does no damage.
You hit the jelly. The acid corrodes you!
Your hands burn!
The jelly is severely wounded.
The orc warrior hits you with a +0 long sword!
* * * LOW HITPOINT WARNING * * *
The orc warrior misses you. The jelly hits you but does no damage.
Aiming: Fastroot
Press: ? - help, Shift-Dir - straight line The roots erupt in riotous growth!
The jelly is unaffected.
Roots grab the orc warrior.
The grasping roots constrict the orc warrior.
The orc warrior struggles to escape constriction.
The jelly hits you but does no damage.
The grasping roots constrict the orc warrior, but do no damage.
The roots release their grip on the orc warrior.
The jelly attacks as it pursues you! The jelly hits you.
* * * LOW HITPOINT WARNING * * *
The acid corrodes you!
You are splashed with acid!
You die...

#.....[....# ...........#
#..........# ####'#######
###.#############
#.....##........#
#.....##.≈≈≈≈≈≈.#
#........≈≈≈≈≈≈.#
#.....#..≈≈_.≈≈@# .
#.....##§§§>.§≈J# ..
#.....##.≈§§≈§≈.# ...
#.....##.≈§§≈§≈o# ....
#.....#.........# .....
###+###........###......
#.............).......
#>...........###......
#######.#################


You could see an orc warrior and a jelly.

Vanquished Creatures
  A wyvern (D:6)
  2 water moccasins
  Duvessa (D:5)
  2 sky beasts
  An ogre (D:6)
  A centaur (D:6)
  A phantom (D:4)
  3 kobold brigands (Sewer)
  A wyvern zombie (D:5)
  A bullfrog (D:7)
  4 scorpions
  Dowan (D:5)
  5 electric eels (D:7)
  3 bombardier beetles
  A centaur zombie (D:5)
  3 hounds
  2 jellies
  An orc priest (D:7)
  A sleepcap (D:6)
  Jessica (D:2)
  3 orc wizards
  3 iguanas
  The ghost of TobyConnect the Sneak, a weakling HuDe (D:5)
  Robin (D:2)
  3 gnolls (D:5)
  5 adders
  A river rat (D:6)
  2 shadow imps
  2 ufetubi (D:6)
  6 dart slugs
  4 ribbon worms
  8 orcs
  3 ball pythons
  8 endoplasms
  7 giant cockroaches
  17 goblins
  11 hobgoblins
  8 jackals
  4 quokkas
  4 bats
  4 frilled lizards
  18 kobolds
  9 rats
168 creatures vanquished.

Notes
Turn   | Place    | Note
-------+----------+-------------------------------------------
     0 | D:1      | Arcadio the Merfolk Gladiator began the quest for the Orb.
     0 | D:1      | Reached XP level 1. HP: 16/16 MP: 1/1
   116 | D:1      | Reached XP level 2. HP: 22/23 MP: 2/2
   811 | D:2      | Noticed Robin
   822 | D:2      | Reached XP level 3. HP: 26/28 MP: 3/3
   836 | D:2      | Killed Robin
   935 | D:2      | Found Qistru's General Store.
   955 | D:2      | Reached XP level 4. HP: 35/35 MP: 4/4
  1008 | D:2      | Reached skill level 5 in Polearms
  1044 | D:2      | Reached skill level 5 in Dodging
  1130 | D:2      | Identified the +3 scale mail "Laykay" {Fly}
  1236 | D:2      | Noticed Jessica
  1256 | D:2      | Killed Jessica
  1257 | D:2      | Reached XP level 5. HP: 40/42 MP: 5/5
  2041 | D:3      | Found a faded altar of an unknown god.
  2233 | D:3      | Found a snail-covered altar of Cheibriados.
  2663 | D:4      | Noticed a phantom
  2696 | D:4      | Killed a phantom
  2697 | D:4      | Reached XP level 6. HP: 45/49 MP: 6/6
  2846 | D:4      | Found a shimmering blue altar of Sif Muna.
  3337 | D:4      | Reached skill level 5 in Fighting
  3337 | D:4      | Reached XP level 7. HP: 45/56 MP: 7/7
  3392 | D:4      | Identified the +5 dagger "Lemar" {flame, rCorr Str+4}
  3819 | D:5      | Entered Level 5 of the Dungeon
  3819 | D:5      | Noticed Dowan
  3820 | D:5      | Noticed Duvessa
  3833 | D:5      | Killed Duvessa
  3850 | D:5      | Killed Dowan
  3889 | D:5      | Reached XP level 8. HP: 44/64 MP: 8/8
  4797 | D:5      | Found a runed translucent gate.
  4797 | D:5      | Found a runed translucent gate.
  4797 | D:5      | Found a runed translucent gate.
  4798 | D:5      | Noticed TobyConnect's ghost (weakling HuDe)
  4824 | D:5      | Found an iron altar of Okawaru.
  4848 | D:5      | Found an ancient bone altar of Kikubaaqudgha.
  4899 | D:5      | Killed TobyConnect's ghost
  5426 | D:6      | Found a staircase to the Ecumenical Temple.
  5434 | Temple   | Entered the Ecumenical Temple
  5448 | Temple   | Became a worshipper of Zin the Law-Giver
  5448 | Temple   | Reached * piety under Zin
  5522 | D:6      | Found a glowing drain.
  5526 | Sewer    | Entered a sewer
  6104 | D:6      | Found a basalt altar of Yredelemnul.
  6463 | D:6      | Reached XP level 9. HP: 72/72 MP: 9/9
  6902 | D:7      | Reached ** piety under Zin
  7325 | D:7      | Reached skill level 10 in Polearms
  7325 | D:7      | Reached skill level 10 in Dodging
  7572 | D:7      | Found a shadowy altar of Dithmenos.
  7640 | D:7      | Splashed by a jelly's acid

Illustrated notes

Levels and vault maps discovered:
D:1:      zaba_arrival_water, layout_loops_cross, grunt_decor_arrowhead
D:2:      layout_basic, serial_shops, shop, uniq_robin, uniq_jessica
D:3:      layout_loops_cross, mainiacjoe_overflow_boulevard,
          shapermc_ecumenical_altar_totnotflames
D:4:      minmay_bubble_buster, layout_basic, nicolae_overflow_crystal_walls
D:5:      layout_cave_pools, mainiacjoe_overflow_big_doors,
          gammafunk_ghost_necromancy, uniq_duvessa
D:6:      layout_rooms, mainiacjoe_overflow_alcove_4,
          minmay_temple_entry_overgrown, gup_sewer_entry_bowl,
          chequers_serial_rivers_micro_e, minivault_22, minmay_crossroads
D:7:      layout_basic, general_overflow_altar, minmay_misc_feat_hallway,
          serial_bayou_lake_a
Temple:   dpeg_chambers_temple

Skill      XL: |  1  2  3  4  5  6  7  8  9 |
---------------+----------------------------+-----
Fighting       | 3 4 5 7 8 |  8.3
Polearms       | 5 6 7 9 10 | 10.3
Dodging        | 5 6 7 9 10 | 10.2
Throwing       | |  2.0

Action                     |  1- 3 |  4- 6 |  7- 9 || total
---------------------------+-------+-------+-------++-------
  Melee: Trident           |    93 |   234 |   412 ||   739
         Punch             |       |     3 |     6 ||     9
         Tailslap          |       |       |     6 ||     6
  Evoke: Wand              |       |       |     1 ||     1
    Use: Potion            |       |     2 |       ||     2
         Scroll            |       |     1 |     8 ||     9
 Armour: Leather armour    |    18 |       |       ||    18
         Ring mail         |    24 |    19 |       ||    43
         Scale mail        |       |   106 |   165 ||   271
         Plate armour      |       |       |    68 ||    68
  Dodge: Dodged            |    73 |   189 |   334 ||   596
